Description

dada

Replay - HeRoMaRinE v ShoWTimE: Game 1 - Disco Bloodbath LE

Build Order

Get SALT Encoding   

  12  0:00  SCV  
  13  0:12  SCV  
  14  0:17  Supply Depot  
  14  0:24  SCV  
  15  0:38  SCV  
  15  0:41  Barracks  
  16  0:44  Refinery  
  16  0:51  SCV  
  17  1:03  SCV  
  18  1:15  SCV  
  19  1:28  Orbital Command, Reaper  
  20  1:45  Command Center  
  20  1:50  Bunker  
  20  1:53  SCV  
  21  2:01  Supply Depot  
  21  2:02  Marine  
  21  2:05  SCV  
  23  2:14  Factory  
  23  2:21  Barracks Reactor  
  23  2:22  SCV  
  24  2:27  Refinery  
  26  2:57  Marine x2  
  26  2:58  Orbital Command  
  28  2:59  Widow Mine  
  28  3:00  Starport  
  32  3:15  Marine x2  
  34  3:22  Widow Mine  
  34  3:26  Supply Depot  
  38  3:33  Marine x2  
  40  3:36  Medivac  
  44  3:41  Barracks  
  45  3:50  Marine x2  
  45  3:54  Engineering Bay  
  48  3:59  Factory Tech Lab  
  50  4:03  Barracks  
  50  4:06  Supply Depot  
  50  4:15  Marine  
  54  4:17  Refinery  
  54  4:19  Starport Tech Lab  
  54  4:22  Terran Infantry Weapons Level 1  
  54  4:27  Supply Depot  
  56  4:34  Stimpack  
  58  4:38  Marauder  
  62  4:50  Factory Reactor  
  60  5:00  Starport Reactor, Combat Shield  
  60  5:01  Marauder x2  
  70  5:22  Marauder x2  
  74  5:37  Medivac x2  
  74  5:39  Widow Mine x2  
  84  5:44  Marauder x2  
  88  6:02  Widow Mine x2  
  92  6:05  Marauder x2  
  98  6:15  Concussive Shells  
  98  6:16  Terran Infantry Armor Level 1  
  97  6:26  Marauder  
  97  6:27  Refinery  
  97  6:30  Widow Mine x2  
  105  6:37  Command Center  
  114  7:02  Medivac x2  
  115  7:17  Widow Mine x2  
  115  7:24  Barracks x2  
  107  7:34  Medivac x2  
  125  7:51  Orbital Command, Engineering Bay  
  125  7:52  Armory  
  135  8:15  Barracks Reactor, Barracks Tech Lab  
  137  8:23  Ghost Academy, Refinery x2  
  140  8:29  Viking  
  149  8:51  Terran Infantry Weapons Level 2  
  157  9:01  Terran Infantry Armor Level 2  
  157  9:06  Ghost x2  
  159  9:13  Ghost  
  147  9:34  Ghost  
  146  9:42  Ghost x2  
  150  9:53  Terran Ship Weapons Level 1  
  150  9:59  Starport  
  150  10:00  Command Center  
  150  10:03  Ghost  
  155  10:11  Ghost  
  159  10:15  Barracks x2  
  156  10:30  Ghost x2  
  156  10:31  Barracks  
  159  10:45  Viking x3  
  159  10:49  Missile Turret  
  171  11:02  Barracks Reactor, Barracks Tech Lab  
  181  11:23  Enhanced Shockwaves  
  157  11:53  Terran Infantry Armor Level 3, Terran Infantry Weapons Level 3  
  151  11:54  Barracks Tech Lab, Planetary Fortress  
  156  12:03  Medivac x2  
  179  12:24  Terran Ship Weapons Level 2  
  177  12:41  Medivac  
  199  13:19  Missile Turret x2  
  199  13:23  Command Center x2  
  184  13:30  Missile Turret  
  199  14:14  Refinery x2  
  200  14:28  Personal Cloaking  
  197  14:34  Starport, Fusion Core  
  200  15:05  Liberator x4  
  172  15:25  Starport Tech Lab  
  180  15:41  Liberator  
  189  15:50  Orbital Command x2  
  191  15:58  Advanced Ballistics  
  185  16:40  Liberator x3  
  185  16:44  Orbital Command  
  185  16:56  Sensor Tower  
  200  17:17  Liberator x2  
  176  18:31  Refinery x2  
Spawning Tool Build Advisor. Get it on Overwolf

Analysis

adad

Go to:

Details

  • Created by: Ds15ultra
  • Published on: Oct 17, 2019
  • Modified on: Oct 17, 2019
  • Patch: 4.7.1
Show
View Real Time Build Order
Export as new Build Order

Comments (0)

There are no comments. Be the first!

Create an account to comment!